 Dungeon Crawl Stone Soup version 0.27-a0-124-g19cb506db8 (webtiles) character file.

Game seed: 14545952827413152426

9 knot the Chopper (level 2, 24/24 HPs)
             Began as a Demonspawn Berserker on Jan 26, 2021.
             Was a Follower of Trog.
             Quit the game on level 1 of the Dungeon.
             The game lasted 00:00:22 (510 turns).

knot the Chopper (Demonspawn Berserker)              Turns: 510, Time: 00:00:22

Health: 24/24      AC:  6    Str: 17    XL:     2   Next: 3%
Magic:  2/2        EV: 12    Int:  8    God:    Trog [*.....]
Gold:   0          SH:  0    Dex: 12    Spells: 1/1 levels left

rFire    . . .     SeeInvis .   a - +0 hand axe
rCold    . . .     Faith    .   (no shield)
rNeg     . . .     Spirit   .   b - +0 animal skin
rPois    .         Reflect  .   (no helmet)
rElec    .         Harm     .   (no cloak)
rCorr    .         Rampage  .   (no gloves)
Will     .....                  (no boots)
Stlth    +.........             (no amulet)
HPRegen  0.08/turn              e - +4 ring of protection
MPRegen  0.08/turn              (no ring)

@: no status effects
A: talons 1
a: Renounce Religion, Berserk


You were on level 1 of the Dungeon.
You worshipped Trog.
Trog was aware of your devotion.
You visited 1 branch of the dungeon, and saw 1 of its levels.

Inventory:

Hand Weapons
 a - a +0 hand axe (weapon)
Missiles
 d - 28 stones
Armour
 b - a +0 animal skin (worn)
Jewellery
 e - a +4 ring of protection (left hand)
Scrolls
 c - 3 scrolls of remove curse {unknown}


   Skills:
 - Level 3.0 Fighting
 + Level 3.2 Axes
 - Level 1.7 Armour
 - Level 1.7 Dodging


You had one spell level left.
You didn't know any spells.
Your spell library was empty.

Dungeon Overview and Level Annotations

Branches:
Dungeon (1/15)

Altars:


Innate Abilities, Weirdness & Mutations

You have sharp toenails.


Message History

You barely miss the kobold. The kobold completely misses you.
You hit the kobold but do no damage. You barely miss the goblin.
The goblin closely misses you. The kobold barely misses you.
You hit the kobold but do no damage. You hit the goblin.
The goblin hits you but does no damage. The kobold misses you.
The kobold hits you but does no damage. The goblin hits you but does no damage.
You barely miss the goblin.
The goblin is heavily wounded.
You hit the kobold but do no damage. The kobold barely misses you.
The goblin barely misses you.
You hit the goblin.
You kill the goblin!
Trog accepts your kill.
You hit the kobold.
You kill the kobold!
Trog accepts your kill.
You have reached level 2!
Your demonic ancestry asserts itself...
Your toenails lengthen and sharpen.
Are you sure you want to abandon this character and quit the game? (Confirm with "yes".)

#.# ##.##. #.# #..#.
######.########...
##...........# #..#
##.............###.#
#.=..........$.. ###
#...............
#...............
#).@)...........
#.).............
##.............
##.....#.....
###########


There were no monsters in sight!

Vanquished Creatures
  A bat (D:1)
  2 goblins (D:1)
  A hobgoblin (D:1)
  2 kobolds (D:1)
  3 rats (D:1)
9 creatures vanquished.

Notes
Turn   | Place    | Note
-------+----------+-------------------------------------------
     0 | D:1      | knot the Demonspawn Berserker began the quest for the Orb.
     0 | D:1      | Reached XP level 1. HP: 18/18 MP: 1/1
   510 | D:1      | Gained mutation: You have sharp toenails. [demonic
                  | ancestry]
   510 | D:1      | Reached XP level 2. HP: 24/24 MP: 2/2
   510 | D:1      | Quit the game

Illustrated notes

Levels and vault maps discovered:
D:1:      dpeg_arrival_short_road, layout_rooms

Skill      XL: |  1 |
---------------+----+-----
Axes           | 3 |  3.2
Fighting       | |  3.0
Armour         | |  1.7
Dodging        | |  1.7

Action                   || total
-------------------------++-------
Melee: Hand axe          ||    31
Armor: Animal skin       ||    13
Dodge: Dodged            ||    35

Table legend: (Time is in decaauts)
 A = Elapsed time spent in this place.
 B = Non-inter-level travel time spent in this place.
 C = Inter-level travel time spent in this place.
 D = Time resting spent in this place.
 E = Time spent auto-exploring this place.
 F = Levels seen in this place.
 G = Mean time per level.
                   A        B        C        D        E       F      G
               +--------+--------+--------+--------+--------+-----+--------+
         Total |    514 |    514 |      0 |    197 |    252 |   1 |  514.0 |
       Dungeon |    514 |    514 |      0 |    197 |    252 |   1 |  514.0 |
               +--------+--------+--------+--------+--------+-----+--------+

Top non-repeatable levels by time:
     D:1: 514 daAuts
